 Dungeon Crawl Stone Soup version bcrawl-1.13 (webtiles) character file.

Game seed: 1658273627761914008

4462 Camlann the Basher (level 10, -2/70 HPs)
             Began as a Demonspawn Archaeologist on July 27, 2019.
             Slain by sbaton's ghost (19 damage)
             ... on level 7 of the Dungeon.
             The game lasted 00:08:44 (5851 turns).

Camlann the Basher (Demonspawn Archaeologist)       Turns: 5851, Time: 00:08:45

Health: -2/70      AC:  9    Str: 14    XL:     10   Next: 15%
Magic:  10/10      EV:  9    Int: 17    God:
Gold:   506        SH: 18    Dex: 13    Spells: 9/9 levels left

rFire    + . .     SeeInvis .   f - +8 whip "Snakebite" {curare, rPois}
rCold    . . .     Gourm    .   n - +0 large shield
rNeg     . . .     Faith    .   b - +1 robe
rPois    +         Spirit   .   c - +2 hat
rElec    .         Reflect  +   (no cloak)
rCorr    .         Harm     .   (no gloves)
MR       ++...                  d - +1 pair of boots
Stlth    ++........             m - +3 amulet of reflection
HPRegen  0.21/turn              j - +4 ring of slaying
MPRegen  0.12/turn              e - ring of poison resistance

@: no status effects
A: hooves 1, horns 1, slimy green scales 2, clever 1, deformed body, fire
resistance 1, magic resistance 2, rot immunity
a: no special abilities


You were on level 7 of the Dungeon.
You were not hungry.

You visited 1 branch of the dungeon, and saw 7 of its levels.
You also visited: Ossuary.

You collected 533 gold pieces.
You spent 27 gold pieces at shops.

Inventory:

Hand Weapons
 f - the +8 whip "Snakebite" (weapon) {curare, rPois}

   It poisons the flesh of those it strikes.
   It protects you from poison.
Armour
 b - a +1 robe (worn)
 c - a +2 hat (worn)
 d - a +1 pair of boots (worn)
 n - a +0 large shield (worn)
Jewellery
 e - a ring of poison resistance (right hand)
 i - an uncursed ring of fire
 j - a +4 ring of slaying (left hand)
 l - an uncursed ring of ice
 m - a +3 amulet of reflection (around neck)
Scrolls
 k - 3 scrolls of blinking
 r - 5 scrolls of enchant weapon
 s - a scroll of remove curse
 u - a scroll of amnesia
 w - 3 scrolls of identify
Potions
 a - 2 potions of curing
 h - a potion of agility
 o - a potion of berserk rage
 p - 3 potions of lignification
 q - a potion of flight
 t - 2 potions of might
 v - a potion of resistance
Comestibles
 g - 16 rations {!d}


   Skills:
 - Level 3.0 Fighting
 + Level 10.9 Maces & Flails
 - Level 2.6 Dodging
 - Level 3.0 Stealth
 + Level 8.8 Shields


You had 9 spell levels left.
You didn't know any spells.
Your spell library contained the following spells:

 Spells                   Type           Power        Failure   Level  Hunger
 Shock                    Conj/Air       #....        88%         1    ##.....
 Swiftness                Chrm/Air       #.......     96%         2    ###....
 Static Discharge         Air            #.......     99%         3    ####...
 Airstrike                Air            #.........   100%        4    #####..
 Lightning Bolt           Conj/Air       #.........   100%        5    ######.


Dungeon Overview and Level Annotations

Branches:
Dungeon (7/12)
 Temple: D:4-7         Lair: D:7-10

Altars:
Ashenzari
Cheibriados
Hepliaklqana
Uskayaw

Shops:
D:5 *

Annotations:
D:7 sbaton's ghost, novice TrBe


Innate Abilities, Weirdness & Mutations

You have large cloven feet.
You are mostly covered in slimy green scales. (AC +3)
You are immune to rotting.
You have a pair of small horns on your head.
Your mind is acute. (Int +2)
Armour fits poorly on your strangely shaped body.
Your flesh is heat resistant. (rF+)
You are highly resistant to hostile enchantments. (MR++)


Message History

You are too injured to fight recklessly!
You are too injured to fight recklessly!
You are too injured to fight recklessly!
You are too injured to fight recklessly!
You whack sbaton's ghost! You closely miss sbaton's ghost.
You headbutt sbaton's ghost, but do no damage.
Sbaton's ghost barely misses you.
You whack sbaton's ghost!
Your shield prevents you from hitting sbaton's ghost.
Sbaton's ghost hits you but does no damage.
Your shield prevents you from hitting sbaton's ghost.
Sbaton's ghost hits you but does no damage.
You are electrocuted!!
You hit sbaton's ghost but do no damage.
You headbutt sbaton's ghost, but do no damage.
Sbaton's ghost hits you!
* * * LOW HITPOINT WARNING * * *
You are electrocuted!!
You die...

#...##+###............+
.#
#...#....#............# #
#...#....#....##..##..#
#.).##..#####'##..##..#
#...##..####..##........
#<..#.....#..............
#...#.....#...##..##+####
#...#.....'...##...#.###
#...#.....#...@WS.......
#...########..)##'''##..
#...# #+###.....##. #.^..
#≈.#.#.P# #....# #⌠.#.#
⌠# #P.#.# # ##.. . ##...


You could see sbaton's ghost and an adder.

Vanquished Creatures
  A two-headed ogre (D:7)
  The ghost of skelma the Sneak, a novice DsAc (D:5)
  A hungry ghost (D:7)
  Duvessa (D:6)
  6 ice beasts
  2 sky beasts
  An orc warrior (D:6)
  A phantom (D:5)
  An ogre (D:4)
  9 big kobolds (D:7)
  4 bullfrogs
  Dowan (D:6)
  3 scorpions
  A water moccasin skeleton (D:4)
  3 wights (D:6)
  3 crimson imps
  A hound (D:4)
  2 orc priests (D:6)
  A centaur skeleton (D:7)
  A jelly (D:6)
  An iguana (D:6)
  2 orc wizards
  A bullfrog skeleton (D:5)
  Terence (D:2)
  3 worker ants
  8 big kobold zombies (Ossuary)
  A bullfrog simulacrum (D:5)
  A hound zombie (D:7)
  A hound skeleton (D:7)
  A worker ant zombie (D:6)
  A mummy (Ossuary)
  9 adders
  6 gnolls
  A hound simulacrum (D:5)
  2 shadow imps (D:5)
  A worker ant simulacrum (D:5)
  3 oozes
  2 dart slugs (D:1)
  6 worms
  An adder simulacrum (D:5)
  5 leopard geckos
  14 orcs
  4 spectral bats (Ossuary)
  3 bats
  5 giant cockroaches
  4 gnoll zombies (Ossuary)
  5 goblins
  11 hobgoblins
  2 bat simulacra (Ossuary)
  7 frilled lizards
  3 goblin simulacra (Ossuary)
  6 goblin zombies (Ossuary)
  A hobgoblin zombie (Ossuary)
  6 kobolds
  2 kobold simulacra (Ossuary)
  6 kobold zombies (Ossuary)
  5 orc zombies (Ossuary)
  3 rats (D:1)
  3 rat simulacra (Ossuary)
  3 spectral goblins (Ossuary)
  4 spectral kobolds (Ossuary)
  4 spectral rats (Ossuary)
202 creatures vanquished.

Vanquished Creatures (others)
  A fungus (D:7)
  3 plants (D:4)
4 creatures vanquished.

Grand Total: 206 creatures vanquished

Notes
Turn   | Place    | Note
-------+----------+-------------------------------------------
     0 | D:1      | Camlann the Demonspawn Archaeologist began the quest for
                  | the Orb.
     0 | D:1      | Reached XP level 1. HP: 15/15 MP: 1/1
   457 | D:1      | Gained mutation: You are immune to rotting. [demonic
                  | ancestry]
   457 | D:1      | Reached XP level 2. HP: 20/22 MP: 2/2
   975 | D:2      | Gained mutation: You have large cloven feet. [demonic
                  | ancestry]
   975 | D:2      | Reached XP level 3. HP: 25/29 MP: 3/3
  1010 | D:2      | Reached skill level 1 in Maces & Flails
  1116 | D:2      | Reached skill level 2 in Maces & Flails
  1336 | D:2      | Noticed Terence
  1359 | D:2      | Killed Terence
  1359 | D:2      | Reached skill level 3 in Maces & Flails
  1359 | D:2      | Reached XP level 4. HP: 25/35 MP: 4/4
  1858 | D:3      | Noticed a +0 dagger
  1858 | D:3      | Noticed a +0 dagger
  1859 | D:3      | Found a hide-covered altar of Uskayaw.
  1897 | D:3      | Reached skill level 4 in Maces & Flails
  2270 | D:3      | Gained mutation: Your muscles are strong. (Str +2) [potion
                  | of mutation]
  2270 | D:3      | Gained mutation: Your muscles are very strong. (Str +4)
                  | [potion of mutation]
  2270 | D:3      | Gained mutation: You have a pair of small horns on your
                  | head. [potion of mutation]
  2271 | D:3      | Lost mutation: Your muscles are very strong. (Str +4)
                  | [potion of mutation]
  2271 | D:3      | Lost mutation: Your muscles are strong. (Str +2) [potion of
                  | mutation]
  2271 | D:3      | Gained mutation: Your mind is acute. (Int +2) [potion of
                  | mutation]
  2271 | D:3      | Gained mutation: Your muscles are strong. (Str +2) [potion
                  | of mutation]
  2271 | D:3      | Gained mutation: You have a pair of horns on your head.
                  | [potion of mutation]
  2272 | D:3      | Lost mutation: Your muscles are strong. (Str +2) [potion of
                  | mutation]
  2272 | D:3      | Lost mutation: You have a pair of horns on your head.
                  | [potion of mutation]
  2272 | D:3      | Gained mutation: You are weak. (Str -2) [potion of
                  | mutation]
  2272 | D:3      | Gained mutation: You are resistant to hostile enchantments.
                  | (MR+) [potion of mutation]
  2272 | D:3      | Gained mutation: Your system is resistant to poisons.
                  | (rPois) [potion of mutation]
  2272 | D:3      | Gained mutation: Your flesh is heat resistant. (rF+)
                  | [potion of mutation]
  2379 | D:3      | Reached skill level 5 in Maces & Flails
  2379 | D:3      | Gained mutation: You are partially covered in slimy green
                  | scales. (AC +2) [demonic ancestry]
  2379 | D:3      | Reached XP level 5. HP: 41/41 MP: 5/5
  3121 | D:4      | Reached skill level 6 in Maces & Flails
  3208 | D:4      | Noticed a sky beast
  3213 | D:4      | Killed a sky beast
  3213 | D:4      | Reached skill level 1 in Shields
  3213 | D:4      | Reached XP level 6. HP: 43/47 MP: 6/6
  3449 | D:4      | Reached skill level 7 in Maces & Flails
  3474 | D:4      | Reached XP level 7. HP: 52/52 MP: 7/7
  3805 | D:5      | Entered Level 5 of the Dungeon
  3844 | D:5      | Found a snail-covered altar of Cheibriados.
  3876 | D:5      | Found Askuydgh's Assorted Antiques.
  3886 | D:5      | Bought a metallic purple potion for 27 gold pieces
  3955 | D:5      | Found a sand-covered staircase.
  3967 | Ossuary  | Entered an ossuary
  4340 | D:5      | Noticed skelma's ghost (novice DsAc)
  4363 | D:5      | Found a runed translucent gate.
  4363 | D:5      | Found a runed translucent gate.
  4363 | D:5      | Found a runed translucent gate.
  4365 | D:5      | Found a hazy altar of Hepliaklqana.
  4382 | D:5      | Reached skill level 8 in Maces & Flails
  4382 | D:5      | Gained mutation: You are mostly covered in slimy green
                  | scales. (AC +3) [demonic ancestry]
  4382 | D:5      | Reached XP level 8. HP: 41/58 MP: 8/8
  4594 | D:5      | Killed skelma's ghost
  4594 | D:5      | Reached skill level 5 in Shields
  4752 | D:5      | Found a shattered altar of Ashenzari.
  4951 | D:6      | Found a shattered altar of Ashenzari.
  5106 | D:6      | Reached skill level 9 in Maces & Flails
  5217 | D:6      | Found a transporter.
  5241 | D:6      | Found a transporter.
  5246 | D:6      | Reached XP level 9. HP: 63/63 MP: 9/9
  5476 | D:6      | Noticed Duvessa
  5476 | D:6      | Noticed Dowan
  5480 | D:6      | Killed Duvessa
  5485 | D:6      | Killed Dowan
  5631 | D:7      | Lost mutation: Your system is resistant to poisons. (rPois)
                  | [potion of mutation]
  5631 | D:7      | Lost mutation: You are weak. (Str -2) [potion of mutation]
  5631 | D:7      | Gained mutation: Armour fits poorly on your strangely
                  | shaped body. [potion of mutation]
  5631 | D:7      | Gained mutation: You are highly resistant to hostile
                  | enchantments. (MR++) [potion of mutation]
  5660 | D:7      | Reached skill level 10 in Maces & Flails
  5716 | D:7      | Noticed a two-headed ogre
  5722 | D:7      | Killed a two-headed ogre
  5785 | D:7      | Noticed sbaton's ghost (novice TrBe)
  5786 | D:7      | Found a runed translucent gate.
  5786 | D:7      | Found a runed translucent gate.
  5800 | D:7      | Found a runed translucent gate.
  5807 | D:7      | Reached XP level 10. HP: 70/70 MP: 10/10
  5851 | D:7      | Slain by sbaton's ghost

Skill      XL: |  1  2  3  4  5  6  7  8  9 |
---------------+----------------------------+-----
Fighting       | 2 3 |  3.0
Maces & Flails | 3 5 6 7 8 9 10 | 10.9
Shields        | 1 2 4 6 8 |  8.8
Dodging        | |  2.6
Stealth        | |  3.0

Action                   |  1- 3 |  4- 6 |  7- 9 | 10-12 || total
-------------------------+-------+-------+-------+-------++-------
Melee: Whip              |   133 |    24 |   290 |    42 ||   489
       Mace              |       |    80 |       |       ||    80
       Headbutt          |       |     6 |    33 |    11 ||    50
  Use: Scroll            |     1 |     5 |     7 |       ||    13
       Potion            |       |     6 |     4 |       ||    10
 Stab: Sleeping          |     4 |     3 |    13 |       ||    20
       Distracted        |       |       |     1 |       ||     1
  Eat: Chunk             |     1 |     7 |     9 |       ||    17
Armor: Robe              |    37 |    40 |    40 |     4 ||   121
       Skin              |       |    24 |       |       ||    24
Dodge: Dodged            |    81 |    61 |    26 |     2 ||   170
Block: Other             |     1 |    19 |       |       ||    20
       Large shield      |       |    12 |   137 |    20 ||   169
       Reflection        |       |       |     2 |       ||     2
